 Dungeon Crawl Stone Soup version 0.23-a0-29-g1be82e5 (webtiles) character file.

218 Gruud the Ruffian (level 5, -4/38 HPs)
             Began as a Demonspawn Gladiator on Aug 3, 2018.
             Slain by Menkaure (14 damage)
             ... on level 3 of the Dungeon.
             The game lasted 00:10:11 (2494 turns).

Gruud the Ruffian (Demonspawn Gladiator)            Turns: 2494, Time: 00:10:12

Health: -4/38      AC:  7    Str: 15    XL:     5   Next: 63%
Magic:  0/5        EV: 10    Int: 10    God:
Gold:   153        SH:  0    Dex: 14    Spells: 4/4 levels left

rFire    . . .     SeeInvis .     - Unarmed
rCold    . . .     Gourm    .   (no shield)
rNeg     . . .     Faith    .   z - +0 scale mail
rPois    .         Spirit   +   c - +0 helmet
rElec    .         Reflect  .   (no cloak)
rCorr    .         Harm     .   (no gloves)
MR       .....                  (no boots)
Stlth    ..........             s - amulet of the acrobat
HPRegen  0.12/turn              (no ring)
MPRegen  0.09/turn              (no ring)

@: hasted, very quick
A: claws 1, hooves 1, magic shield
a: no special abilities


You were on level 3 of the Dungeon.
You were not hungry.

You visited 1 branch of the dungeon, and saw 4 of its levels.

You collected 153 gold pieces.

Inventory:

Hand Weapons
 a - a +0 flail
Missiles
 b - 4 javelins
 d - 3 throwing nets
 n - 47 poisoned needles
 q - 40 sling bullets
 r - 4 tomahawks (quivered)
Armour
 c - a +0 helmet (worn)
 e - a +0 ring mail
 z - a +0 scale mail (worn)
Jewellery
 s - an amulet of the acrobat (around neck)
Scrolls
 i - a scroll of enchant armour {unknown}
 j - a scroll of teleportation
 k - a scroll of amnesia {unknown}
 m - a scroll of noise {unknown}
 o - a scroll of remove curse
 p - a scroll of fear {unknown}
 u - 2 scrolls of identify {unknown}
 x - a scroll of immolation {unknown}
 y - a scroll of blinking {unknown}
Potions
 g - 2 potions of heal wounds
 l - 2 potions of haste
 t - a potion of curing {unknown}
 v - a potion of lignification {unknown}
 w - a potion of flight {unknown}
Comestibles
 f - 7 rations
 h - 8 chunks of flesh


   Skills:
 - Level 2.0 Fighting
 - Level 3.2 Maces & Flails
 - Level 1.7 Throwing
 - Level 2.6 Dodging
 * Level 4.6 Unarmed Combat


You had 4 spell levels left.
You didn't know any spells.
Your spell library contained the following spells:

 Spells                   Type           Power        Failure   Level  Hunger
 Summon Butterflies       Summ           #.......     85%         1    ##.....


Dungeon Overview and Level Annotations

Branches:
Dungeon (4/15)
 Temple: D:4-7

Altars:
Cheibriados
Fedhas
Kikubaaqudgha
Sif Muna
Vehumet

Annotations:
D:3 1 runed door, 1 exclusion, Menkaure


Innate Abilities, Weirdness & Mutations

You have sharp fingernails.
You have large cloven feet.
When hurt, damage is shared between your health and your magic reserves.


Message History

You climb upwards.
Level annotation: 1 runed door, 1 exclusion
There is a stone staircase leading down here.
You scratch Menkaure.
Menkaure is lightly damaged.
Menkaure hits you!!
You scratch Menkaure.
Menkaure is moderately damaged.
Menkaure giggles, "These cerements are ticklish..."
Menkaure barely misses you.
You barely miss Menkaure.
Menkaure is moderately damaged.
Menkaure hits you!!
* * * LOW HITPOINT WARNING * * *
It was a potion of heal wounds.
You feel much better. Menkaure hits you! Menkaure casts a spell at you.
Pain shoots through your body!
* * * LOW HITPOINT WARNING * * *
It was a potion of haste.
You feel yourself speed up. Menkaure hits you!
You die...

###....## #.# #########
.###....###.########._.##..#
..........[.......##...8##.#
##.........>.....##8...###.##
##.#####.###.#.....##.##8##.#
.#.### #.# #.#._.###..#...#.#
.....###.###.#...#..⌠...._#.#
.................M....#...#.#
#..#####.###.##.@#..#.##8##.#
<.................##...####.#
#..##..#####.##..###...8###.#
#..##..# #.##...#8._.##...#
#..##..# #.##.#..#######.##
#..##..# #.##.#.#..<###.##
#......#####.##....##..#.##
##...........##....##.#.##
###............⌠..##.#.#


You could see Menkaure.

Vanquished Creatures
  11 adders
  5 oozes
  4 worms
  2 dart slugs
  8 orcs
  A ball python (D:3)
  8 giant cockroaches
  6 goblins
  5 hobgoblins
  2 jackals (D:3)
  8 kobolds
  A quokka (D:3)
  8 bats
  4 frilled lizards
  5 rats
78 creatures vanquished.

Notes
Turn   | Place    | Note
-------+----------+-------------------------------------------
     0 | D:1      | Gruud the Demonspawn Gladiator began the quest for the Orb.
     0 | D:1      | Reached XP level 1. HP: 16/16 MP: 1/1
   178 | D:1      | Gained mutation: You have large cloven feet. [demonic ancestry]
   178 | D:1      | Reached XP level 2. HP: 22/22 MP: 2/2
   220 | D:1      | Reached skill level 1 in Unarmed Combat
   626 | D:1      | Reached skill level 2 in Unarmed Combat
   626 | D:1      | Reached XP level 3. HP: 21/27 MP: 3/3
  1113 | D:2      | Gained mutation: When hurt, damage is shared between your health and your magic reserves. [demonic ancestry]
  1113 | D:2      | Reached XP level 4. HP: 29/33 MP: 4/4
  1311 | D:2      | Reached skill level 3 in Unarmed Combat
  1628 | D:2      | Found a blossoming altar of Fedhas.
  1651 | D:2      | Gained mutation: You have sharp fingernails. [demonic ancestry]
  1651 | D:2      | Reached XP level 5. HP: 38/38 MP: 5/5
  1728 | D:3      | Reached skill level 4 in Unarmed Combat
  1961 | D:3      | Found a runed door.
  1994 | D:3      | Found a snail-covered altar of Cheibriados.
  1996 | D:3      | Found a radiant altar of Vehumet.
  2000 | D:3      | Found a deep blue altar of Sif Muna.
  2000 | D:3      | Found an ancient bone altar of Kikubaaqudgha.
  2006 | D:3      | Identified Sif Muna's Reference Book on Creation
  2271 | D:4      | Noticed Menkaure
  2494 | D:3      | Slain by Menkaure

Vault maps used:
D:1:      eino_arrival_druids_welcome
D:2:      fedhas_altar_1, first_ration
D:3:      grunt_temple_overflow_magic_moments, cheibriados_altar_1,
          hangedman_feature_mirror, uniq_crazy_yiuf_cottage
D:4:      minmay_temple_entry_junction, uniq_menkaure

Skill      XL: |  1  2  3  4  5 |
---------------+----------------+-----
Maces & Flails | 3 |  3.2
Unarmed Combat | 2 3 4 |  4.6
Fighting       | |  2.0
Throwing       | |  1.7
Dodging        | |  2.6

Action                   |  1- 3 |  4- 6 || total
-------------------------+-------+-------++-------
Melee: Flail             |    77 |    62 ||   139
       Kick              |    11 |    47 ||    58
       Punch             |       |     3 ||     3
       Unarmed           |       |   100 ||   100
  Use: Scroll            |       |     2 ||     2
       Potion            |       |     2 ||     2
  Eat: Chunk             |     1 |     4 ||     5
Armor: Ring mail         |    41 |    57 ||    98
Dodge: Dodged            |    65 |   134 ||   199

Table legend:
 A = Spawn XP
 B = Non-spawn XP
 C = Spawn XP percentage of total XP
 D = Spawn monster count
 E = Non-spawn monster count
 F = Spawn count percentage of total count
 G = Total turns spent on level
                    A         B        C        D         E        F      G
               +---------+---------+-------+---------+---------+-------+---------
         Total |       0 |     312 |   0.0 |       0 |      78 |   0.0 |  2494
               +---------+---------+-------+---------+---------+-------+---------
           D:1 |       0 |      80 |   0.0 |       0 |      23 |   0.0 |  1075
           D:2 |       0 |      74 |   0.0 |       0 |      17 |   0.0 |   566
           D:3 |       0 |     153 |   0.0 |       0 |      36 |   0.0 |   832
           D:4 |       0 |       5 |   0.0 |       0 |       2 |   0.0 |    21
               +---------+---------+-------+---------+---------+-------+---------
